 Dungeon Crawl Stone Soup version 0.27.1-1-g398f81649c (webtiles) character file.

Game seed: 4765472598977695318

1 Mesmaeker13 the Caller (level 1, -1/13 HPs)
             Began as a Barachi Summoner on Sept 14, 2021.
             Slain by a jackal (2 damage)
             ... on level 1 of the Dungeon.
             The game lasted 00:00:15 (44 turns).

Mesmaeker13 the Caller (Barachi Summoner)             Turns: 44, Time: 00:00:16

Health: -1/13      AC:  2    Str:  9    XL:     1   Next: 20%
Magic:  0/3        EV: 12    Int: 15    God:
Gold:   0          SH:  0    Dex: 12    Spells: 3/4 levels left

rFire    . . .     SeeInvis .   (no weapon)
rCold    . . .     Faith    .   (no shield)
rNeg     . . .     Spirit   .   a - +0 robe
rPois    .         Reflect  .   (no helmet)
rElec    .         Harm     .   (no cloak)
rCorr    .         Rampage  .   (no gloves)
Will     .....                  (no boots)
Stlth    ++........             (no amulet)
HPRegen  0.04/turn              (no ring)
MPRegen  0.08/turn              (no ring)

@: slow
A: amphibious, slowness 1, strong legs 1, +LOS
a: Hop


You were on level 1 of the Dungeon.
You visited 1 branch of the dungeon, and saw 1 of its levels.

Inventory:

Armour
 a - a +0 robe (worn)


   Skills:
 + Level 2.2 Dodging
 - Level 1.7 Stealth
 + Level 2.2 Spellcasting
 + Level 4.8 Summonings


You had 3 spell levels left.
You knew the following spells:

 Your Spells              Type           Power      Damage    Failure   Level
a - Summon Small Mammal   Summ           64%        N/A       3%          1

Your spell library contained the following spells:

 Spells                   Type           Power      Damage    Failure   Level
 Call Imp                 Summ           16%        N/A       4%          2
 Call Canine Familiar     Summ           16%        N/A       9%          3
 Summon Guardian Golem    Hex/Summ       8%         N/A       24%         3
 Summon Lightning Spire   Summ/Air       8%         N/A       63%         4


Dungeon Overview and Level Annotations

Branches:
Dungeon (1/15)

Altars:


Innate Abilities, Weirdness & Mutations

You are amphibious.
You cover ground slowly.
You can hop short distances.
You have an extended range of vision and can be seen from far away.


Message History

The jackal barely misses your quokka. The jackal barely misses you.
Your quokka bites the jackal but does no damage.
The jackal bites your quokka. The jackal closely misses you.
You barely miss the jackal.
The jackal is severely wounded.
Your quokka bites the jackal but does no damage.
The jackal closely misses your quokka. The jackal barely misses your quokka.
Your quokka closely misses the jackal.
You hit the jackal.
The jackal is almost dead.
The jackal barely misses your quokka. The jackal closely misses you.
Your quokka closely misses the jackal.
You closely miss the jackal.
The jackal is almost dead.
The jackal misses your quokka.
The jackal bites you but does no damage.
The giant cockroach waves its antennae.
Your quokka bites the jackal but does no damage.
The jackal misses your quokka. The jackal barely misses you.
Unknown command.
You closely miss the jackal.
The jackal is almost dead.
The jackal misses your quokka.
Your quokka barely misses the jackal.
The jackal bites you.
* * * LOW HITPOINT WARNING * * *
Unknown command.
You closely miss the jackal.
The jackal is almost dead.
The jackal bites your quokka but does no damage.
The jackal completely misses you.
Your quokka bites the jackal.
The jackal dies!
The giant cockroach waves its antennae.
The jackal bites your quokka.
Your quokka dies!
Your quokka's corpse disappears in a puff of smoke!
The jackal barely misses you.
Casting: Summon Small Mammal (safe; 3% risk of failure)
Confirm with . or Enter, or press ? or * to list all spells.
The jackal bites you.
You die...

##########
#<.P♣≈♣PP#
#.....P≈P###
#P≈♣.....+.#
#≈PP≈♣.≈♣#.#
######'###.#
#r###.# ..
#..@hh#####.....
#####§g.B.......
####........
........
g.......
........
........
.####### .#


You could see 2 jackals, a giant cockroach, a goblin and a friendly rat
(summoned).

Vanquished Creatures (collateral kills)
  2 jackals (D:1)
2 creatures vanquished.

Notes
Turn   | Place    | Note
-------+----------+-------------------------------------------
     0 | D:1      | Mesmaeker13 the Barachi Summoner began the quest for the
                  | Orb.
     0 | D:1      | Reached XP level 1. HP: 13/13 MP: 3/3
    44 | D:1      | Slain by a jackal

Illustrated notes

Levels and vault maps discovered:
D:1:      tarquinn_simple_flora_water_f, layout_basic

Action                   || total
-------------------------++-------
Melee: Unarmed           ||     9
 Cast: Summon Small Mamm ||     5
Armor: Robe              ||     3
Dodge: Dodged            ||     9
